 Dungeon Crawl Stone Soup version 0.31-a0-237-g2d982f9f85 (webtiles) character file.

Game seed: 4632624366799769717

199 qw the Shooter (level 5, -2/31 HPs)
             Began as a Gargoyle Hexslinger on July 11, 2023.
             Slain by an iguana (10 damage)
             ... on level 4 of the Dungeon.
             The game lasted 00:01:04 (2010 turns).

qw the Shooter (Gargoyle Hexslinger)                Turns: 2010, Time: 00:01:05

Health: -2/31      AC:  9    Str: 12    XL:     5   Next: 77%
Magic:  6/6        EV: 10    Int: 13    God:
Gold:   182        SH:  0    Dex: 14    Spells: 5/6 levels left

rFire   . . .        Y - +1 sling
rCold   . . .        (no shield)
rNeg    + . .        i - +0 ring mail
rPois   inf          (no helmet)
rElec   +            (no cloak)
rCorr   .            (no gloves)
SInv    .            (no boots)
Will    .....        (no amulet)
Stlth   +            (no ring)
HPRegen 0.25/turn    (no ring)
MPRegen 0.10/turn

%: no passive effects
@: no status effects
A: sickness immunity, AC +4, negative energy resistance 1, electricity
resistance, torment resistance 1, petrification resistance
a: no special abilities


You were on level 4 of the Dungeon.
You visited 1 branch of the dungeon, and saw 4 of its levels.

You collected 182 gold pieces.


Innate Abilities, Weirdness & Mutations

You are immune to sickness and miasma.
Your stone body is resilient. (AC +4)
You are immune to poison.
You resist negative energy. (rN+)
You are resistant to electric shocks. (rElec)
You are resistant to unholy torment.
You are immune to petrification.


   Skills:
 + Level 2.3 Fighting
 - Level 5.2 Ranged Weapons
 - Level 1.2 Armour
 - Level 1.5 Dodging
 - Level 1.0 Spellcasting
 - Level 2.6 Hexes


You had 5 spell levels left.
You knew the following spells:

 Your Spells              Type           Power      Damage    Failure   Level
a - Slow                  Hex            28%        N/A       22%         1

Your spell library contained the following spells:

 Spells                   Type           Power      Damage    Failure   Level
 Inner Flame              Hex/Fire       4%         N/A       73%         3
 Portal Projectile        Hex/Tloc       8%         N/A       73%         3
 Cause Fear               Hex            3%         N/A       91%         4

Inventory:

Hand Weapons
 Y - a +1 sling (weapon)
Armour
 i - a +0 ring mail (worn)
Scrolls
 a - a scroll of blinking {unknown}
 d - a scroll of enchant armour {unknown}
Potions
 b - a potion of degeneration {unknown}
 c - a potion of cancellation {unknown}
 e - a potion of enlightenment {unknown}
 h - a potion of might {unknown}

Dungeon Overview and Level Annotations

Branches:
Dungeon (4/15)
 Temple: D:4-7

Altars:


Message History

You shoot a sling bullet.
The sling bullet barely misses the iguana.
The iguana closely misses you.
You shoot a sling bullet.
The sling bullet barely misses the iguana.
The iguana bites you!
You shoot a sling bullet.
The sling bullet closely misses the iguana.
The iguana bites you!
You shoot a sling bullet. The sling bullet hits the iguana.
The iguana is severely wounded.
The iguana misses you. The iguana closely misses you.
You shoot a sling bullet.
The sling bullet hits the iguana but does no damage.
The iguana is severely wounded.
The iguana bites you but does no damage.
You shoot a sling bullet.
The sling bullet barely misses the iguana.
The iguana closely misses you.
You shoot a sling bullet.
The sling bullet barely misses the iguana.
The iguana misses you.
You shoot a sling bullet.
The sling bullet hits the iguana but does no damage.
The iguana is severely wounded.
The iguana bites you but does no damage.
You shoot a sling bullet.
The sling bullet barely misses the iguana.
The iguana bites you but does no damage.
The iguana barely misses you.
You shoot a sling bullet. The sling bullet hits the iguana.
The iguana is severely wounded.
The iguana closely misses you.
You shoot a sling bullet.
The sling bullet closely misses the iguana.
The iguana bites you but does no damage.
You shoot a sling bullet.
The sling bullet closely misses the iguana.
The iguana barely misses you. The iguana bites you!
You die...

# #. #.# ..#
..## ..#
#########l###
#........@..#
#.........#.##
#............#
#........#.#.#
###..##....#
.. #.###.####
## #.###.#
#.##..#
#.##.##


You could see an iguana.

Vanquished Creatures
  A scorpion (D:3)
  An orc wizard (D:3)
  3 adders
  3 gnolls (D:3)
  2 dart slugs
  2 orcs
  10 bats
  2 endoplasms (D:2)
  2 giant cockroaches
  5 goblins
  5 hobgoblins
  7 kobolds
  3 quokkas
  3 ball pythons (D:1)
  5 frilled lizards
  8 rats
62 creatures vanquished.

Notes
Turn   | Place    | Note
-------+----------+-------------------------------------------
     0 | D:1      | qw the Gargoyle Hexslinger began the quest for the Orb.
     0 | D:1      | Reached XP level 1. HP: 12/12 MP: 2/2
     0 | D:1      | 0 ||| qw: Version: 0.3-a-52-g30416fa
     0 | D:1      | 0 ||| qw: Game counter: 5514
     0 | D:1      | 0 ||| qw: Melee chars always use a shield: true
     0 | D:1      | 0 ||| qw: God list: Okawaru
     0 | D:1      | 0 ||| qw: Allow faded altars: false
     0 | D:1      | 0 ||| qw: Do Orc after clearing Dungeon:15 true
     0 | D:1      | 0 ||| qw: Do second Lair branch before Depths: true
     0 | D:1      | 0 ||| qw: Lair rune preference: random
     0 | D:1      | 0 ||| qw: Goals: Normal
     0 | D:1      | 0 ||| PLANNING D:1-11
   100 | D:1      | Reached XP level 2. HP: 16/16 MP: 3/3
   150 | D:1      | Reached skill level 3 in Ranged Weapons
   182 | D:1      | Found a faded altar of an unknown god.
   269 | D:1      | Reached XP level 3. HP: 21/21 MP: 4/4
   473 | D:1      | 473 ||| UPGRADING to +0 ring mail.
   483 | D:1      | 483 ||| DROPPING +0 robe.
   484 | D:1      | 484 ||| READING scroll labelled VIRIXT SEDGHYBB.
   485 | D:1      | 485 ||| READING scroll labelled SUGOIRYSER.
   489 | D:1      | 489 ||| READING scroll labelled DIPPAN IRANG.
   490 | D:1      | 490 ||| READING scroll labelled URAPAI WACIXZUXIQ.
   491 | D:1      | 491 ||| DROPPING scroll of poison.
   845 | D:2      | Reached XP level 4. HP: 26/26 MP: 5/5
  1037 | D:2      | 1037 ||| DRINKING 2 silvery potions.
  1092 | D:3      | Reached skill level 4 in Ranged Weapons
  1123 | D:3      | HP: 2/26 [gnoll/+3 spear (5)]
  1125 | D:3      | Reached skill level 1 in Armour
  1243 | D:3      | 1243 ||| DRINKING potion of curing.
  1243 | D:3      | 1243 ||| (to cure confusion)
  1259 | D:3      | Reached XP level 5. HP: 9/30 MP: 6/6
  1261 | D:3      | 1261 ||| FLEEEEING.
  1262 | D:3      | 1262 ||| FLEEEEING.
  1263 | D:3      | 1263 ||| FLEEEEING.
  1264 | D:3      | 1264 ||| FLEEEEING.
  1265 | D:3      | 1265 ||| FLEEEEING.
  1266 | D:3      | 1266 ||| FLEEEEING.
  1267 | D:3      | 1267 ||| FLEEEEING.
  1268 | D:3      | 1268 ||| FLEEEEING.
  1269 | D:3      | 1269 ||| FLEEEEING.
  1270 | D:3      | 1270 ||| FLEEEEING.
  1271 | D:3      | 1271 ||| FLEEEEING.
  1272 | D:3      | 1272 ||| FLEEEEING.
  1273 | D:3      | 1273 ||| FLEEEEING.
  1274 | D:3      | 1274 ||| FLEEEEING.
  1275 | D:3      | 1275 ||| FLEEEEING.
  1276 | D:3      | 1276 ||| STAIRDANCE
  1344 | D:3      | 1344 ||| STAIRDANCE
  1374 | D:3      | Identified the +7 hand axe of Tenacity {antimagic, Str+3}
  1393 | D:3      | Reached skill level 5 in Ranged Weapons
  1884 | D:3      | 1884 ||| READING scroll labelled QUSTRA IDDYIM.
  2001 | D:4      | HP: 5/31 [iguana (9)]
  2010 | D:4      | Slain by an iguana

Levels and vault maps discovered:
D:1:      saegor_arrival_miasma, layout_rooms,
          ebering_ecumenical_altar_petrified
D:2:      layout_basic
D:3:      layout_basic
D:4:      layout_rooms

Skill      XL: |  1  2  3  4  5 |
---------------+----------------+-----
Ranged Weapons | 3 4 5 |  5.2
Fighting       | 2 |  2.3
Armour         | 1 |  1.2
Dodging        | |  1.5
Spellcasting   | |  1.0
Hexes          | |  2.6

Action                     |  1- 3 |  4- 6 || total
---------------------------+-------+-------++-------
   Fire: Sling             |   130 |   128 ||   258
    Use: Scroll            |     4 |     1 ||     5
         Potion            |       |     2 ||     2
 Armour: Robe              |    18 |       ||    18
         Ring mail         |    23 |    45 ||    68
  Dodge: Dodged            |    43 |    51 ||    94

Table legend:
 A = Non-vault XP
 B = Vault XP
 C = Vault XP percentage of total XP
 D = Non-vault monster count
 E = Vault monster count
 F = Vault count percentage of total count
                 A         B        C        D         E       F
            +---------+---------+-------+---------+---------+-------
      Total |     285 |       0 |   0.0 |      62 |       0 |   0.0
            +---------+---------+-------+---------+---------+-------
        D:1 |      43 |       0 |   0.0 |      27 |       0 |   0.0
        D:2 |      44 |       0 |   0.0 |      17 |       0 |   0.0
        D:3 |     185 |       0 |   0.0 |      17 |       0 |   0.0
        D:4 |      13 |       0 |   0.0 |       1 |       0 |   0.0
            +---------+---------+-------+---------+---------+-------
